 Dungeon Crawl Stone Soup version 0.30-a0-651-g0755cc6dcf (webtiles) character file.

Game seed: 6805790990685172099

2 M4edhros the Charlatan (level 1, 0/13 HPs)
             Began as an Octopode Artificer on Jan 17, 2023.
             Constricted to death by a ball python (1 damage)
             ... on level 2 of the Dungeon.
             The game lasted 00:00:13 (353 turns).

M4edhros the Charlatan (Octopode Artificer)          Turns: 353, Time: 00:00:13

Health: 0/13       AC:  1    Str: 11    XL:     1   Next: 30%
Magic:  1/1        EV: 10    Int: 13    God:
Gold:   7          SH:  0    Dex: 12    Spells: 0/0 levels left

rFire   . . .      SeeInvis .    (no weapon)
rCold   . . .      Faith    .    (no shield)
rNeg    . . .      Spirit   .    (helmet restricted)
rPois   .          Reflect  .    (no amulet)
rElec   .          Harm     .    (no ring)
rCorr   .          Rampage  .    (no ring)
Will    .....                    (no ring)
Stlth   +++                      (no ring)
HPRegen 0.22/turn                (no ring)
MPRegen 0.07/turn                (no ring)
                                 (no ring)
                                 (no ring)

@: constricted
A: almost no armour, amphibious, 8 rings, camouflage 1, gelatinous body 1,
(nimble swimmer 1), tentacles
a: no special abilities


You were on level 2 of the Dungeon.
You visited 1 branch of the dungeon, and saw 2 of its levels.

You collected 7 gold pieces.

Inventory:

Wands
 b - a wand of flame (15) (quivered)
 c - a wand of charming (15)
 d - a wand of iceblast (5)
Scrolls
 a - a scroll of teleportation {unknown}
Potions
 e - a potion of invisibility {unknown}


   Skills:
 + Level 1.0 Fighting
 + Level 2.3 Dodging
 + Level 1.5 Stealth
 + Level 3.3 Evocations


You couldn't memorise any spells.
You didn't know any spells.
Your spell library was empty.

Dungeon Overview and Level Annotations

Branches:
Dungeon (2/15)

Altars:


Innate Abilities, Weirdness & Mutations

You cannot wear most types of armour.
You are amphibious.
You can wear up to eight rings at the same time.
Your skin changes colour to match your surroundings (Stealth+).
Your rubbery body absorbs attacks. (AC +1, EV +1)
((You are camouflaged when in or above water. (Stealth+)))
You have tentacles for arms and can constrict up to eight enemies at once.


Message History

No target in view!
Found 6 stones.
A ball python comes into view.
A ball python comes into view.
There are monsters nearby!
There are monsters nearby!
You see here 6 stones.
The helpless ball python fails to defend itself.
You tentacle-slap the ball python. Your grab misses the ball python.
Your squeeze misses the ball python.
The ball python is moderately wounded.
The ball python bites you. The ball python grabs you.
The ball python constricts you. The ball python bites you.
You closely miss the ball python. Your grab misses the ball python.
The ball python is moderately wounded.
The ball python bites you. The ball python constricts you.
The ball python bites you.
The ball python bites you but does no damage.
The ball python constricts you.
The ball python bites you but does no damage.
You tentacle-slap the ball python. Your grab misses the ball python.
Your squeeze misses the ball python.
The ball python is severely wounded.
The ball python closely misses you. The ball python constricts you.
The ball python misses you.
You are too injured to fight recklessly!
You are too injured to fight recklessly!
You tentacle-slap the ball python. Your grab misses the ball python.
The ball python is heavily wounded.
The ball python bites you but does no damage.
The ball python bites you.
* * * LOW HITPOINT WARNING * * *
The ball python constricts you.
* * * LOW HITPOINT WARNING * * *
You tentacle-slap the ball python.
You kill the ball python!
The ball python bites you.
* * * LOW HITPOINT WARNING * * *
The ball python constricts you.
You die...

#......#
#)#
#.#.##.#
##'###
#.#..#.#
#.....
#.#.##.#
#..<<.
#.#..#(#
#.....
..##.#.##
##.#..
..#.....#
#.#.#
..##....#
#.#..
#.S@.#
#.###
#.....†.#
#. #
#####...#
#. #
....# #
..#### #
... #
#... #
#... # #


You could see a ball python.

Vanquished Creatures
  A kobold (D:2)
  A ball python (D:2)
  A frilled lizard (D:1)
3 creatures vanquished.

Notes
Turn   | Place    | Note
-------+----------+-------------------------------------------
     0 | D:1      | M4edhros the Octopode Artificer began the quest for the
                  | Orb.
     0 | D:1      | Reached XP level 1. HP: 13/13 MP: 1/1
   353 | D:2      | Constricted to death by a ball python

Illustrated notes

Levels and vault maps discovered:
D:1:      dpeg_arrival_tiny_c, layout_loops_ring
D:2:      layout_basic, chequers_hall_statues_corner_a,
          minmay_misc_feat_nine_boxes, roderic_roman_lattice,
          minmay_misc_feat_tiny, uniq_natasha

Action                   || total
-------------------------++-------
Melee: Unarmed           ||     7
       Constrict         ||     1
       Tentacles         ||     1
 Stab: Sleeping          ||     1
Armor: Skin              ||     3
Dodge: Dodged            ||     3

Table legend: (Time is in decaauts)
 A = Elapsed time spent in this place.
 B = Non-inter-level travel time spent in this place.
 C = Inter-level travel time spent in this place.
 D = Time resting spent in this place.
 E = Time spent auto-exploring this place.
 F = Levels seen in this place.
 G = Mean time per level.
                   A        B        C        D        E       F      G
               +--------+--------+--------+--------+--------+-----+--------+
         Total |    352 |    333 |     19 |      0 |    302 |   2 |  176.0 |
       Dungeon |    352 |    333 |     19 |      0 |    302 |   2 |  176.0 |
               +--------+--------+--------+--------+--------+-----+--------+

Top non-repeatable levels by time:
     D:1: 257 daAuts
     D:2: 95 daAuts
